 Dungeon Crawl Stone Soup version 0.19.1 (webtiles) character file.

15997 Mefis the Thaumaturge (level 12, -18/59 HPs)
             Began as a Deep Elf Wizard on Dec 14, 2016.
             Was a High Priest of Sif Muna.
             Killed from afar by an ice dragon (63 damage)
             ... with a blast of cold
             ... on level 1 of the Lair of Beasts.
             The game lasted 01:00:06 (21531 turns).

Mefis the Thaumaturge (Deep Elf Wizard)            Turns: 21531, Time: 01:00:07

Health: -18/59     AC:  6    Str:  4    XL:     12   Next: 6%
Magic:  12/39      EV: 17    Int: 29    God:    Sif Muna [*****.]
Gold:   555        SH:  0    Dex: 13    Spells: 12 memorised, 3 levels left

rFire  + . .     SeeInvis .     z - staff of energy
rCold  x . .     Gourm    .     u - +0 robe
rNeg   . . .     Faith    .     (no shield)
rPois  .         Spirit   .     f - +1 helmet
rElec  .         Reflect  .     g - +0 cloak
rCorr  .         Harm     .     n - +0 pair of gloves
MR     +....                    (no boots)
Stlth  ++++......               (no amulet)
                                H - ring of fire
                                L - ring of magical power

@: studying Stealth
A: no striking features
a: Divine Energy, Channel Magic, Forget Spell, Renounce Religion


You were on level 1 of the Lair of Beasts.
You worshipped Sif Muna.
Sif Muna was extremely pleased with you.
You were not hungry.

You visited 3 branches of the dungeon, and saw 14 of its levels.
You also visited: Labyrinth.

You collected 678 gold pieces.
You spent 123 gold pieces at shops.

Inventory:

Hand Weapons
 a - a +2 dagger of venom
 b - a +0 blowgun
Missiles
 B - 24 poisoned needles
 R - 4 needles of confusion
 X - 6 curare-tipped needles
Armour
 f - a +1 helmet (worn)
 g - a +0 cloak (worn)
 n - a +0 pair of gloves (worn)
 u - a +0 robe (worn)
Magical Staves
 e - an uncursed staff of conjuration
 p - an uncursed staff of poison
 z - an uncursed staff of energy (weapon)
Jewellery
 y - an uncursed ring of poison resistance
 H - a ring of fire (right hand)
 L - a ring of magical power (left hand)
Wands
 r - a wand of teleportation (6/9)
 D - a wand of acid (4/15)
 E - a wand of lightning (7/15)
 F - a wand of digging (12/24)
 K - a wand of disintegration (1/24)
 V - a wand of confusion (9/48)
Scrolls
 h - 5 scrolls of immolation
 k - 11 scrolls of teleportation
 l - 3 scrolls of magic mapping
 t - 2 scrolls of amnesia
 v - 4 scrolls of enchant armour
 w - 3 scrolls of recharging
 x - 2 scrolls of fog
 T - 3 scrolls of enchant weapon
Potions
 i - 3 potions of berserk rage
 m - 4 potions of haste
 q - 3 potions of mutation
 C - a potion of cancellation {unknown}
 G - 2 potions of might {unknown}
 I - 2 potions of resistance {unknown}
 J - 3 potions of curing
 Q - a potion of ambrosia {unknown}
 U - 2 potions of flight
 W - a potion of degeneration {unknown}
 Y - a potion of invisibility {unknown}
Books
 c - a book of Minor Magic

   Spells                             Type                      Level
   a - Magic Dart                     Conjuration                  1
   b - Blink                          Translocation                2
   c - Call Imp                       Summoning                    2
   d - Repel Missiles                 Charms/Air                   2
   e - Slow                           Hexes                        2
   f - Conjure Flame                  Conjuration/Fire             3
   g - Mephitic Cloud                 Conjuration/Poison/Air       3
 A - a book of Beasts

   Spells                             Type                      Level
   a - Summon Butterflies             Summoning                    1
   b - Call Canine Familiar           Summoning                    3
   c - Summon Ice Beast               Ice/Summoning                4
   d - Summon Mana Viper              Hexes/Summoning              5
   e - Summon Hydra                   Summoning                    7
 M - Sif Muna's Almanac of Spatial Flames
   (Sif Muna gifted it to you in a labyrinth)

   Spells                             Type                      Level
   a - Shroud of Golubria             Charms/Translocation         2
   b - Teleport Other                 Translocation                3
   c - Force Lance                    Conjuration/Translocation    4
   d - Passage of Golubria            Translocation                4
   e - Delayed Fireball               Conjuration/Fire             7
 O - a book of Conjurations

   Spells                             Type                      Level
   a - Magic Dart                     Conjuration                  1
   b - Searing Ray                    Conjuration                  2
   c - Dazzling Spray                 Conjuration/Hexes            3
   d - Fulminant Prism                Conjuration/Hexes            4
   e - Iskenderun's Mystic Blast      Conjuration                  4
   f - Iskenderun's Battlesphere      Conjuration/Charms           5
 P - a book of Maledictions

   Spells                             Type                      Level
   a - Corona                         Hexes                        1
   b - Ensorcelled Hibernation        Hexes/Ice                    2
   c - Confuse                        Hexes                        3
   d - Tukima's Dance                 Hexes                        3
   e - Dazzling Spray                 Conjuration/Hexes            3
 Z - a manual of Stealth
Miscellaneous
 o - a crystal ball of energy
Comestibles
 d - 13 bread rations
 j - a fruit
 s - 3 beef jerkies
 N - 4 royal jellies
 S - 8 slices of pizza


   Skills:
 + Level 8.4 Dodging
 + Level 8.8 Stealth
 * Level 12.5 Spellcasting
 + Level 7.4 Conjurations
 + Level 6.4 Hexes
 + Level 7.8 Charms
 - Level 3.5 Summonings
 - Level 3.5 Translocations
 - Level 3.7 Air Magic
 - Level 4.0 Poison Magic
 + Level 6.0 Invocations
 + Level 6.5 Evocations


You had 3 spell levels left.
You knew the following spells:

 Your Spells              Type           Power        Failure   Level  Hunger
a - Magic Dart            Conj           ####         1%          1    None
b - Call Imp              Summ           #####...     1%          2    None
c - Blink                 Tloc           N/A          1%          2    None
d - Dazzling Spray        Conj/Hex       ######       1%          3    None
e - Mephitic Cloud        Conj/Pois/Air  #####...     1%          3    None
f - Conjure Flame         Conj/Fire      ######..     1%          3    None
g - Slow                  Hex            ######..     1%          2    None
h - Repel Missiles        Chrm/Air       ######       1%          2    None
m - Iskenderun's Battles  Conj/Chrm      ######..     4%          5    None
p - Shroud of Golubria    Chrm/Tloc      ######....   1%          2    None
q - Fulminant Prism       Conj/Hex       ######....   1%          4    None
s - Force Lance           Conj/Tloc      ######..     3%          4    None


Dungeon Overview and Level Annotations

Branches:
Dungeon (12/15)            Temple (1/1) D:7            Lair (1/6) D:11
    Orc (0/2) D:10

Altars:
Ashenzari
Cheibriados
Dithmenos
Elyvilon
Fedhas
Gozag
Hepliaklqana
Kikubaaqudgha
Makhleb
Nemelex Xobeh
Okawaru
Qazlal
Ru
Sif Muna
Trog
Uskayaw
Vehumet
Xom
Yredelemnul
Zin
The Shining One

Shops:
D:4 ?   D:10 (


Message History

Your battlesphere fires!
The barrage of energy hits the ice beast.
You kill the ice beast!
Sif Muna accepts your kill.
Casting: Magic Dart
Confirm with . or Enter, or press ? or * to list all spells.
Aiming: Dazzling Spray
Press: ? - help, Shift-Dir - straight line, f - ice dragon
Aim: an ice dragon (slow, catching its breath)
The spray of energy hits the ice dragon.
The ice dragon is lightly wounded.
The ice dragon is dazzled.
Your battlesphere fires!
The barrage of energy hits the ice dragon.
The ice dragon is lightly wounded.
Your battlesphere expends the last of its energy and dissipates.
The ice dragon breathes frost at you. The blast of cold hits you!
You feel a terrible chill!
Ouch! That really hurt!
You die...

... ...#.. ...
...P.. ..
...... .. ....
.##... ...##
.##.###+#...##
........ยง@...#
.##..........#
#......D..##
>..........##
.............
.8##.#.#+#....
. #.... ..#..
..... .....


You could see an ice dragon (blind).

Vanquished Creatures
  A minotaur (Lab)
  Sonja (D:10)
  Nergalle (D:10)
  2 hill giants
  An ugly thing (D:11)
  3 manticores
  Psyche (D:9)
  A gargoyle (D:11)
  A troll (D:11)
  A two-headed ogre (D:9)
  Prince Ribbit (D:9)
  2 hornets
  A hippogriff (D:7)
  A redback (Lab)
  2 wyverns
  A wraith (D:10)
  A human (D:8)
  Grum (D:7)
  10 yaks (D:11)
  A hungry ghost (D:11)
  4 hogs (D:8)
  Edmund (D:5)
  A water moccasin (D:6)
  A porcupine (Lair:1)
  2 orc warriors (D:10)
  3 black bears
  9 ice beasts
  A sky beast (D:7)
  3 ogres
  2 phantoms
  4 wolves
  4 centaurs
  7 bullfrogs
  An elf zombie (D:7)
  A troll skeleton (Lab)
  10 electric eels
  15 wights
  3 howler monkeys
  8 crimson imps
  2 bullfrog zombies
  4 centaur zombies
  10 hounds
  6 human zombies (D:7)
  6 orc priests
  A human skeleton (D:7)
  11 orc wizards
  A bullfrog skeleton (D:11)
  A centaur skeleton (Lab)
  A gnoll shaman (D:5)
  4 iguanas
  6 worker ants
  An ogre zombie (D:7)
  2 hound zombies
  A hound skeleton (D:5)
  2 mummies (D:7)
  A howler monkey zombie (D:7)
  A worker ant zombie (D:5)
  6 gnolls
  17 adders
  2 shadow imps
  2 adder skeletons
  3 worms
  4 dart slugs
  2 leopard geckos
  55 orcs
  3 ball pythons
  6 giant cockroaches
  6 goblins
  9 hobgoblins
  18 jackals
  4 quokkas
  12 bats
  3 frilled lizards
  9 kobolds
  8 rats
  2 fulminant prisms
  2 plants (D:5)
348 creatures vanquished.

Vanquished Creatures (collateral kills)
  The ghost of Nydiazath the Tainter, a novice SpVM of Vehumet (D:7)
  Menkaure (D:5)
  A quasit (D:5)
  An orc (D:7)
4 creatures vanquished.

Vanquished Creatures (others)
  An orc wizard (D:7)
  An adder (D:11)
  An orc (D:11)
  23 fulminant prisms
26 creatures vanquished.

Grand Total: 378 creatures vanquished

Notes
Turn   | Place    | Note
-------+----------+-------------------------------------------
     0 | D:1      | Mefis the Deep Elf Wizard began the quest for the Orb.
     0 | D:1      | Reached XP level 1. HP: 10/10 MP: 7/7
   423 | D:1      | Reached XP level 2. HP: 11/15 MP: 0/9
   889 | D:1      | Learned a level 2 spell: Call Imp
   892 | D:1      | Learned a level 2 spell: Blink
   895 | D:1      | Learned a level 2 spell: Repel Missiles
   959 | D:1      | Reached skill level 5 in Spellcasting
  1073 | D:1      | Reached XP level 3. HP: 19/19 MP: 5/11
  1184 | D:2      | Found a stormy altar of Qazlal.
  1672 | D:2      | Reached XP level 4. HP: 24/24 MP: 10/13
  1677 | D:2      | Learned a level 3 spell: Mephitic Cloud
  1681 | D:2      | Learned a level 3 spell: Conjure Flame
  3062 | D:3      | Reached XP level 5. HP: 28/28 MP: 5/15
  3346 | D:3      | Reached skill level 6 in Spellcasting
  3537 | D:3      | Reached skill level 1 in Air Magic
  3796 | D:3      | Reached skill level 1 in Poison Magic
  3934 | D:4      | Reached XP level 6. HP: 26/32 MP: 4/17
  4054 | D:4      | Found a radiant altar of Vehumet.
  4106 | D:4      | Found Yrremn's Magic Scroll Shoppe.
  4114 | D:4      | Bought a scroll of fear for 45 gold pieces
  4114 | D:4      | Bought a scroll of identify for 26 gold pieces
  4114 | D:4      | Bought a scroll of identify for 26 gold pieces
  4114 | D:4      | Bought a scroll of identify for 26 gold pieces
  4536 | D:4      | Found an opulent altar of Gozag.
  4604 | D:5      | Entered Level 5 of the Dungeon
  4613 | D:5      | Noticed Edmund
  4635 | D:5      | Killed Edmund
  4670 | D:5      | Reached XP level 7. HP: 36/36 MP: 11/19
  5250 | D:5      | Noticed Menkaure
  5253 | D:5      | Noticed Grinder
  5261 | D:5      | Killed Menkaure
  5491 | D:5      | Reached skill level 7 in Spellcasting
  5916 | D:5      | Reached skill level 1 in Evocations
  5999 | D:5      | Noticed Grinder
  5999 | D:5      | Grinder changed into Grinder the quasit
  6009 | D:5      | Killed Grinder the quasit
  6607 | D:5      | Reached XP level 8. HP: 31/41 MP: 3/21
  6611 | D:5      | Learned a level 2 spell: Slow
  6833 | D:6      | You fall through a shaft!
  6840 | D:7      | Found a staircase to the Ecumenical Temple.
  6846 | Temple   | Entered the Ecumenical Temple
  6882 | Temple   | Became a worshipper of Sif Muna the Loreminder
  7027 | D:6      | Reached skill level 1 in Hexes
  7146 | D:6      | Reached skill level 5 in Dodging
  7428 | D:6      | Reached skill level 5 in Stealth
  7428 | D:6      | Reached skill level 1 in Invocations
  8169 | D:6      | Reached skill level 8 in Spellcasting
  8361 | D:7      | Reached * piety under Sif Muna
  8361 | D:7      | Reached skill level 1 in Charms
  8989 | D:7      | Noticed a hippogriff
  9000 | D:7      | Killed a hippogriff
  9000 | D:7      | Reached XP level 9. HP: 30/45 MP: 11/23
  9001 | D:7      | Noticed Nydiazath's ghost (novice SpVM)
  9108 | D:7      | Killed Nydiazath's ghost
 10482 | D:7      | Found a basalt altar of Yredelemnul.
 10714 | D:7      | Reached ** piety under Sif Muna
 10836 | D:7      | Learned a level 4 spell: Fulminant Prism
 10840 | D:7      | Learned a level 3 spell: Dazzling Spray
 10989 | D:7      | Reached skill level 9 in Spellcasting
 11267 | D:7      | Reached skill level 5 in Conjurations
 11620 | D:8      | Noticed Grum
 12011 | D:7      | Killed Grum
 12217 | D:9      | Noticed a manticore
 12225 | D:9      | Noticed Psyche
 12231 | D:9      | Killed Psyche
 12231 | D:9      | Killed a manticore
 12231 | D:9      | Reached XP level 10. HP: 50/50 MP: 7/25
 12450 | D:8      | Reached skill level 10 in Spellcasting
 12558 | D:8      | Found a glowing golden altar of the Shining One.
 12663 | D:8      | Found a sparkling altar of Nemelex Xobeh.
 12663 | D:8      | Found a burning altar of Makhleb.
 12992 | D:8      | Found a white marble altar of Elyvilon.
 13002 | D:8      | Found a sacrificial altar of Ru.
 13108 | D:8      | Reached *** piety under Sif Muna
 13604 | D:9      | Learned a level 5 spell: Iskenderun's Battlesphere
 13634 | D:9      | Noticed Prince Ribbit
 13639 | D:9      | Killed Prince Ribbit
 13640 | D:9      | Noticed a manticore
 13805 | D:9      | Killed a manticore
 13805 | D:9      | Reached skill level 5 in Charms
 14421 | D:10     | Entered Level 10 of the Dungeon
 14421 | D:10     | Found a staircase to the Orcish Mines.
 14421 | D:10     | Noticed Sonja
 14457 | D:10     | Noticed a hill giant
 14463 | D:10     | Killed a hill giant
 14463 | D:10     | Reached skill level 5 in Hexes
 14545 | D:10     | Reached skill level 11 in Spellcasting
 14545 | D:10     | Reached skill level 5 in Evocations
 14857 | D:10     | Reached XP level 11. HP: 41/54 MP: 11/28
 14863 | D:10     | Killed Sonja
 15002 | D:10     | Found Kedolis's Weapon Emporium.
 15348 | D:10     | Noticed Nergalle
 15368 | D:10     | Killed Nergalle
 15368 | D:10     | Reached **** piety under Sif Muna
 15368 | D:10     | Reached skill level 5 in Invocations
 17761 | D:11     | Found a staircase to the Lair.
 18423 | D:11     | Noticed a cyan ugly thing
 18765 | D:11     | Reached skill level 12 in Spellcasting
 18939 | D:11     | Killed a cyan ugly thing
 19077 | D:11     | Noticed a hill giant
 19083 | D:11     | Killed a hill giant
 19171 | D:11     | Reached ***** piety under Sif Muna
 19916 | D:12     | Found a labyrinth entrance.
 19923 | Lab      | Entered a labyrinth
 19979 | Lab      | Identified Sif Muna's Almanac of Spatial Flames (Sif Muna gifted it to you in a labyrinth)
 19979 | Lab      | Received a gift from Sif Muna
 19987 | Lab      | Learned a level 2 spell: Shroud of Golubria
 19992 | Lab      | Learned a level 4 spell: Force Lance
 21228 | Lab      | Noticed a minotaur
 21236 | Lab      | Killed a minotaur
 21236 | Lab      | Reached XP level 12. HP: 26/59 MP: 27/30
 21400 | Lab      | Got a faintly glowing dagger
 21404 | Lab      | Identified the +3 dagger of Intuition {vamp, rF+ Str-2 Dex+4 Stlth+} (You found it in a labyrinth)
 21509 | Lair:1   | Entered Level 1 of the Lair of Beasts
 21525 | Lair:1   | Noticed an ice dragon
 21531 | Lair:1   | Killed from afar by an ice dragon

Skill      XL: |  1  2  3  4  5  6  7  8  9 10 11 12 |
---------------+-------------------------------------+-----
Spellcasting   | 5 6 7 8 9 11 12 | 12.5
Dodging        | 3 4 5 6 7 8 |  8.4
Conjurations   | 2 3 4 5 6 7 |  7.4
Stealth        | 3 4 5 6 7 8 |  8.8
Summonings     | 2 3 |  3.5
Air Magic      | 1 2 3 |  3.7
Poison Magic   | 1 2 3 4 |  4.0
Evocations     | 1 2 3 5 6 |  6.5
Hexes          | 2 3 5 6 |  6.4
Translocations | 2 3 |  3.5
Invocations    | 2 3 4 5 6 |  6.0
Charms         | 2 4 5 7 |  7.8

Action                   |  1- 3 |  4- 6 |  7- 9 | 10-12 || total
-------------------------+-------+-------+-------+-------++-------
Melee: Unarmed           |     5 |       |       |       ||     5
       Dagger            |    22 |    26 |    15 |    30 ||    93
       Short sword       |       |    11 |       |       ||    11
 Fire: Blowgun           |       |    21 |    23 |    16 ||    60
 Cast: Magic Dart        |   104 |   153 |   453 |   402 ||  1112
       Repel Missiles    |     1 |       |     1 |       ||     2
       Mephitic Cloud    |       |    10 |    25 |    16 ||    51
       Call Imp          |       |     1 |    11 |       ||    12
       Conjure Flame     |       |       |    11 |     8 ||    19
       Dazzling Spray    |       |       |    13 |    22 ||    35
       Fulminant Prism   |       |       |     4 |    21 ||    25
       Blink             |       |       |     2 |     5 ||     7
       Iskenderun's Batt |       |       |       |    39 ||    39
       Slow              |       |       |       |     1 ||     1
Invok: Divine Energy     |       |       |       |     1 ||     1
       Stop Divine Energ |       |       |       |     1 ||     1
Evoke: Wand              |       |       |     4 |    14 ||    18
  Use: Scroll            |     1 |     9 |       |    13 ||    23
       Potion            |       |       |       |     1 ||     1
 Stab: Confused          |       |     1 |       |       ||     1
       Sleeping          |       |       |       |     1 ||     1
  Eat: Chunk             |     2 |     8 |    13 |    16 ||    39
       Meat ration       |       |       |     1 |     3 ||     4
       Bread ration      |       |       |     1 |     1 ||     2
       Beef jerky        |       |       |     1 |       ||     1
       Fruit             |       |       |       |     1 ||     1
Armor: Robe              |    23 |     4 |    41 |    18 ||    86
Dodge: Dodged            |    76 |    28 |   154 |   109 ||   367
       Deflected         |       |     2 |     1 |     6 ||     9
